 Dungeon Crawl Stone Soup version 0.30.1-11-g7821555f0a (webtiles) character file.

Game seed: 4100364455069575083

3974 lonewolfV2 the Cleaver (level 10, 0/82 HPs)
             Began as a Formicid Fighter on Nov 16, 2023.
             Was an Initiate of Qazlal.
             Slain by a two-headed ogre
             ... wielding a +0 giant spiked club
              (11 damage)
             ... on level 8 of the Dungeon.
             The game lasted 00:11:23 (8251 turns).

lonewolfV2 the Cleaver (Formicid Fighter)           Turns: 8251, Time: 00:11:24

Health: 0/82       AC: 17    Str: 27    XL:     10   Next: 45%
Magic:  13/13      EV:  8    Int:  2    God:    Qazlal [......]
Gold:   318        SH:  8    Dex: 19    Spells: 9/9 levels left

rFire   + . .        j - +2 hand axe "Ebos Cenue" {protect, Fly rF+ Str+3 Int-5 Dex+4}
rCold   . . .        c - +1 buckler
rNeg    . . .        p - +0 chain mail
rPois   .            (helmet unavailable)
rElec   .            (no cloak)
rCorr   .            (no gloves)
SInv    +            (no boots)
Will    +....        (no amulet) Stlth
                     (no ring)
HPRegen 0.33/turn    (no ring)
MPRegen 0.13/turn

%: no passive effects
@: under a protective aura, flying
A: permanent stasis, dig shafts and tunnels, antennae 3, four strong arms
a: Dig, Shaft Self, Renounce Religion


You were on level 8 of the Dungeon.
You worshipped Qazlal.
Qazlal was noncommittal.
You visited 2 branches of the dungeon, and saw 9 of its levels.
You also visited: Sewer and Ossuary.

You collected 318 gold pieces.

Inventory:

Hand Weapons
 a - a +1 war axe
 j - the +2 hand axe "Ebos Cenue" (weapon) {protect, Fly rF+ Str+3 Int-5 Dex+4}
   (You found it on level 2 of the Dungeon)

   Str:       It affects your strength (+3).
   Int:       It affects your intelligence (-5).
   Dex:       It affects your dexterity (+4).
   rF:        It protects you from fire.
   Fly:       It grants you flight.
Missiles
 o - a throwing net
Armour
 c - a +1 buckler (worn)
 p - a +0 chain mail (worn)
Wands
 b - a wand of iceblast (14)
 e - a wand of flame (17)
 v - a wand of charming (10)
 y - a wand of mindburst (8)
Scrolls
 k - 2 scrolls of enchant armour
 q - a scroll of poison
Potions
 d - 2 potions of might
 f - 3 potions of brilliance
 g - 3 potions of attraction
 h - 2 potions of flight
 i - a potion of resistance
 l - 3 potions of ambrosia
 m - 5 potions of curing
 n - 3 potions of degeneration
 r - 4 potions of haste
 t - a potion of magic
 u - a potion of lignification {unknown}
 x - a potion of heal wounds


   Skills:
 + Level 8.6 Fighting
 - Level 10.8 Axes
 - Level 8.0 Armour
 - Level 10.6 Shields
 * Level 4.5 Invocations


You had 9 spell levels left.
You didn't know any spells.
Your spell library contained the following spells:

 Spells                   Type           Power      Damage    Failure   Level
 Beastly Appendage        Tmut           0%         N/A       96%         1
 Sublimation of Blood     Necr           0%         N/A       99%         2
 Wereblood                Tmut           0%         N/A       99%         2
 Spider Form              Tmut/Pois      0%         N/A       100%        3
 Summon Hydra             Summ           0%         N/A       100%        7


Dungeon Overview and Level Annotations

Branches:
Dungeon (8/15)             Temple (1/1) D:7           Sewer (visited)
Ossuary (visited)
   Lair: D:8-11

Altars:
Cheibriados
Dithmenos
Gozag
Hepliaklqana
Okawaru
Qazlal
Vehumet
Xom
Yredelemnul
The Shining One

Shops:
D:3 [   D:4 (

Annotations:
D:3 2 transporters, KEVIN's ghost, amateur HOHu
D:5 exclusion: statue


Innate Abilities, Weirdness & Mutations

You cannot be hasted, slowed, berserked, paralysed or teleported.
You can dig through walls and to a lower floor.
You have a pair of large antennae on your head. (SInv)
Your four strong arms can wield two-handed weapons with a shield.


Message History

You closely miss the gnoll. You hit the gnoll.
The gnoll hits you with a +0 whip. The gnoll closely misses you.
You hit the two-headed ogre.
The two-headed ogre is moderately wounded.
You barely miss the gnoll. x2
The two-headed ogre hits you with a +0 giant spiked club!
The two-headed ogre hits you with a +0 giant club.
The gnoll hits you but does no damage. You block the gnoll's attack.
You hit the two-headed ogre.
The two-headed ogre is heavily wounded.
You hit the gnoll. x2; You closely miss the gnoll.
You slash the two-headed ogre!
The two-headed ogre is heavily wounded.
You hit the gnoll but do no damage. You hit the gnoll. x2
You kill the gnoll!
Qazlal accepts your kill.
The two-headed ogre completely misses you.
The two-headed ogre misses you. The gnoll hits you with a +0 flail.
The gnoll hits you but does no damage.
You hit the two-headed ogre.
The two-headed ogre is heavily wounded.
You slash the gnoll!
You kill the gnoll!
Qazlal accepts your kill.
You hit the gnoll. The gnoll hits you with a +0 flail.
You barely miss the two-headed ogre.
The two-headed ogre is heavily wounded.
You hit the gnoll.
You kill the gnoll!
Qazlal accepts your kill.
The two-headed ogre hits you with a +0 giant spiked club!!
The two-headed ogre hits you but does no damage.
You hit the two-headed ogre but do no damage.
The two-headed ogre is heavily wounded.
You hit the two-headed ogre.
The two-headed ogre is severely wounded.
The two-headed ogre hits you with a +0 giant spiked club!!
* * * LOW HITPOINT WARNING * * *
The two-headed ogre hits you with a +0 giant club!
You die...

#.# #.# ....... #.##
....... ...# ..!....
...# ##### .......
...###...### ##.....#
...........## ##.....#
###...####..###)O)...#
##..# ##.....@)# #.##
###...[## #.# ##..##
#.# #..# #.# #..# #.##
#..# ##..# #..# #
#...# #..# ###..##


You could see a two-headed ogre.

Vanquished Creatures
  Grinder (Sewer)
  4 yaks (D:6)
  2 sky beasts (D:7)
  An orc warrior (D:6)
  An ice beast (D:5)
  An ogre (D:7)
  3 centaurs
  5 kobold brigands
  Blork the orc (D:5)
  3 hounds
  A jelly (D:6)
  A quasit (Sewer)
  Crazy Yiuf (D:6)
  2 human zombies (Ossuary)
  A gnoll bouda (D:7)
  A sleepcap (D:6)
  2 iguanas
  3 orc wizards
  A hound zombie (Ossuary)
  4 mummies (Ossuary)
  10 adders
  6 river rats (D:5)
  13 gnolls
  3 shadow imps
  3 white imps
  2 ufetubi
  2 adder zombies
  4 worms
  6 dart slugs
  21 orcs
  8 endoplasms
  2 giant cockroaches
  3 gnoll zombies (Ossuary)
  5 goblins
  6 hobgoblins
  9 jackals
  4 quokkas
  6 ball pythons
  5 bats
  3 frilled lizards
  A goblin zombie (Ossuary)
  2 hobgoblin zombies (Ossuary)
  42 kobolds
  2 kobold zombies (Ossuary)
  4 rats
211 creatures vanquished.

Vanquished Creatures (others)
  2 kobold zombies (Sewer)
2 creatures vanquished.

Grand Total: 213 creatures vanquished

Notes
Turn   | Place    | Note
-------+----------+-------------------------------------------
     0 | D:1      | lonewolfV2 the Formicid Fighter began the quest for the
                  | Orb.
     0 | D:1      | Reached XP level 1. HP: 18/18 MP: 1/1
   175 | D:1      | Reached XP level 2. HP: 24/24 MP: 2/2
   392 | D:1      | Found a faded altar of an unknown god.
   523 | D:1      | Reached XP level 3. HP: 30/30 MP: 3/3
  1068 | D:2      | Reached XP level 4. HP: 37/37 MP: 4/4
  1477 | D:2      | Identified the +2 hand axe "Ebos Cenue" {protect, Fly rF+
                  | Str+3 Int-5 Dex+4}
  1706 | D:3      | Found a transporter.
  1711 | D:3      | Found a transporter.
  1715 | D:3      | Noticed KEVIN's ghost (amateur HOHu)
  1773 | D:3      | Reached XP level 5. HP: 43/43 MP: 5/5
  2033 | D:3      | Reached skill level 5 in Armour
  2118 | D:3      | Reached skill level 5 in Fighting
  2319 | D:3      | Found Hicor's Armour Emporium.
  2404 | D:4      | Reached XP level 6. HP: 41/51 MP: 6/6
  2473 | D:4      | Found a sand-covered staircase.
  2525 | Ossuary  | Entered an ossuary
  3036 | Ossuary  | Reached XP level 7. HP: 57/58 MP: 7/7
  3384 | D:4      | Found Depseax's Antique Weapon Shoppe.
  3712 | D:5      | Entered Level 5 of the Dungeon
  3987 | D:5      | Found a glowing drain.
  4000 | Sewer    | Entered a sewer
  4429 | Sewer    | Noticed Grinder
  4454 | Sewer    | Reached XP level 8. HP: 27/67 MP: 8/8
  4475 | Sewer    | Killed Grinder
  4748 | Sewer    | Found a burning altar of Makhleb.
  5032 | D:5      | Noticed Blork the orc
  5045 | D:5      | Killed Blork the orc
  5093 | D:5      | Found an opulent altar of Gozag.
  5206 | D:5      | Found a radiant altar of Vehumet.
  5251 | D:5      | Found an iron altar of Okawaru.
  5269 | D:5      | Identified the +8 sling "Ceopudorgh" {flame, rF+ Int+5
                  | Stlth-}
  5683 | D:5      | Found a snail-covered altar of Cheibriados.
  5729 | D:5      | Reached skill level 10 in Axes
  5729 | D:5      | Reached skill level 10 in Shields
  5729 | D:5      | Reached XP level 9. HP: 74/74 MP: 9/9
  5827 | D:6      | Reached XP level 10. HP: 70/80 MP: 10/10
  5908 | D:6      | Reached skill level 1 in Invocations
  6168 | D:6      | Found a glowing golden altar of the Shining One.
  6548 | D:6      | Found a shimmering altar of Xom.
  6743 | D:6      | Found a runed translucent door.
  6744 | D:6      | Noticed Crazy Yiuf
  6919 | D:6      | Killed Crazy Yiuf
  7226 | D:7      | Found a shadowy altar of Dithmenos.
  7544 | D:7      | Found a staircase to the Ecumenical Temple.
  7559 | Temple   | Entered the Ecumenical Temple
  7601 | Temple   | Became a worshipper of Qazlal Stormbringer
  7669 | D:7      | Identified the +3 robe of Taheuk {rC+ Will+ Int+3}
  8237 | D:8      | Noticed a two-headed ogre
  8251 | D:8      | Slain by a two-headed ogre

Illustrated notes

Levels and vault maps discovered:
D:1:      shiori_shiawase, layout_basic, ebering_ecumenical_altar_sacrificial,
          feat_on_display
D:2:      layout_basic, amcnicky_mini_corridor_feature, minmay_crystal_room,
          nrook_loot_triangle, minmay_hedge_maze, minmay_liquid_box,
          hangedman_decor_clover_reticule, kennysheep_path_1
D:3:      layout_loops_ring, serial_shops, nicolae_shop_tiny_real_fake_doors,
          gammafunk_ghost_stat_death
D:4:      layout_rooms, serial_shops, shop, nicolae_ossuary_entry_plus
D:5:      layout_loops_corners, marbit_many_paths, lemuel_crystal_altar,
          grunt_gozag_statues, vehumet_statue, lightli_sewer_entry_pipes,
          uniq_blork_the_orc
D:6:      layout_loops_ring, nicolae_overflow_squiral, serial_bayou_pond_a,
          uniq_crazy_yiuf_cottage
D:7:      layout_basic, grunt_dithmenos_smoke,
          minmay_temple_entry_gardened_gates, kennysheep_another_room
D:8:      layout_layer_cave, mainiacjoe_overflow_small_starburst, uniq_pikel,
          uniq_amaemon, uniq_maurice, uniq_erica
Temple:   hellmonk_temple_forest_ring

Skill      XL: |  1  2  3  4  5  6  7  8  9 10 |
---------------+-------------------------------+-----
Fighting       | 4 5 6 7 8 |  8.6
Armour         | 4 5 6 7 8 |  8.0
Axes           | 10 | 10.8
Shields        | 10 | 10.6
Invocations    | 4 |  4.5

Action                     |  1- 3 |  4- 6 |  7- 9 | 10-12 || total
---------------------------+-------+-------+-------+-------++-------
  Melee: War axe           |    73 |    32 |       |       ||   105
         Hand axe          |       |   118 |   307 |   167 ||   592
    Use: Scroll            |     2 |     3 |    10 |     6 ||    21
         Potion            |       |       |     5 |       ||     5
 Armour: Scale mail        |    39 |   111 |     2 |       ||   152
         Chain mail        |       |       |   174 |    65 ||   239
  Dodge: Dodged            |    47 |    97 |   100 |    45 ||   289
  Block: Buckler           |    26 |    56 |   123 |    72 ||   277
